 Dungeon Crawl Stone Soup version 0.19-a0-1608-g4cf22de (webtiles) character file.

385 Amnesiac the Twirler (level 6, -2/44 HPs)
             Began as a Mummy Gladiator on Sept 18, 2016.
             Slain by anything's ghost (15 damage)
             ... on level 5 of the Dungeon.
             The game lasted 00:03:52 (3591 turns).

Amnesiac the Twirler (Mummy Gladiator)              Turns: 3591, Time: 00:03:53

Health: -2/44      AC: 13    Str: 19    XL:     6   Next: 48%
Magic:  6/6        EV:  8    Int:  7    God:
Gold:   275        SH:  0    Dex: 14    Spells: 0 memorised, 5 levels left

rFire  x . .     SeeInvis .     a - +0 quarterstaff
rCold  + . .     Gourm    .     f - +0 chain mail
rNeg   + + +     Faith    .     (shield currently unavailable)
rPois  ∞         Spirit   .     l - +2 helmet
rElec  .         Dismiss  .     (no cloak)
rCorr  .         Reflect  .     (no gloves)
MR     .....     Harm     +     q - +1 pair of boots
Stlth  ..........               j - amulet of harm
                                (no ring)
                                (no ring)

@: no status effects
A: no food or potions, fire vulnerability, cold resistance 1, negative energy
resistance 3, torment resistance, unbreathing
a: no special abilities


You were on level 5 of the Dungeon.
You were not hungry.

You visited 2 branches of the dungeon, and saw 6 of its levels.

You collected 275 gold pieces.

Inventory:

Hand Weapons
 a - a +0 quarterstaff (weapon)
Missiles
 d - 4 throwing nets (quivered)
 o - 2 javelins of penetration
Armour
 f - a +0 chain mail (worn)
 l - a +2 helmet (worn)
 q - a +1 pair of boots (worn)
Jewellery
 j - an amulet of harm (around neck)
Scrolls
 b - a scroll of blinking {unknown}
 c - a scroll of magic mapping {unknown}
 e - 3 scrolls of teleportation {unknown}
 g - 2 scrolls of enchant weapon {unknown}
 h - 2 scrolls of amnesia {unknown}
 i - a scroll of recharging {unknown}
 k - 2 scrolls of identify {unknown}
 m - a scroll of immolation {unknown}
 n - 3 scrolls of remove curse {unknown}
 p - a scroll of enchant armour {unknown}
 r - a scroll of fog {unknown}
 s - a scroll of random uselessness {unknown}


   Skills:
 - Level 2.0 Fighting
 + Level 6.1 Staves
 - Level 1.5 Throwing
 - Level 2.4 Dodging


You had 5 spell levels left.
You didn't know any spells.

Dungeon Overview and Level Annotations

Branches:
Dungeon (5/15)             Temple (1/1) D:4

Altars:
Ashenzari
Cheibriados
Elyvilon
Kikubaaqudgha
Makhleb
Okawaru
Ru
Sif Muna
Trog
Uskayaw
Vehumet
Xom
Zin

Portals:
Sewer: D:5

Annotations:
D:5 exclusion: door, anything's ghost, amateur DgHu


Innate Abilities, Weirdness & Mutations

You do not eat or drink.
Your flesh is vulnerable to fire.
You are immune to poison.
Your flesh is cold resistant. (rC+)
You are immune to negative energy. (rN+++)
You are immune to unholy pain and torment.
You can survive without breathing.


Message History

Anything's ghost hits you but does no damage.
You closely miss anything's ghost.
Anything's ghost is lightly damaged.
Anything's ghost hits you but does no damage.
You hit anything's ghost but do no damage.
Anything's ghost is lightly damaged.
Anything's ghost hits you.
Your chain mail prevents you from hitting anything's ghost.
Anything's ghost is lightly damaged.
Anything's ghost hits you!
* * * LOW HITPOINT WARNING * * *
There is a stone staircase leading up here.
You hear the brisk rusting of a distant drain.
Anything's ghost says very slowly, "There's no hope."
There is a stone staircase leading up here.
Okay, then.
Anything's ghost ripples.
There is a stone staircase leading up here.
Anything's ghost hits you!
You die...

#...##..##..#......# ≈S
######..##..'......####
#...........#..........
#...........#>.........
######.###..###....##..
#...##'#########+######
#######.............#........
##.....##............#........
#............@.......#........
#####...........W.......#........
...##.....##....###+##.###...####
...#########....###.##.###...####
.............>..(.......#...[....
........................#........
........................#........
..........##[...##...##.##..#####
...##.....##....##....#...#.##.##


You could see anything's ghost.

Vanquished Creatures
  An ice beast (D:4)
  A crimson imp (D:4)
  2 bullfrog skeletons (D:5)
  2 worker ants (D:4)
  Robin (D:2)
  4 adders
  A worm (D:3)
  A dart slug (D:2)
  3 leopard geckos
  6 orcs
  7 bats
  4 giant cockroaches
  15 goblins
  13 hobgoblins
  6 jackals
  8 kobolds
  A quokka (D:3)
  7 frilled lizards
  5 rats
88 creatures vanquished.

Notes
Turn   | Place    | Note
-------+----------+-------------------------------------------
     0 | D:1      | Amnesiac the Mummy Gladiator began the quest for the Orb.
     0 | D:1      | Reached XP level 1. HP: 16/16 MP: 1/1
   213 | D:2      | Reached XP level 2. HP: 20/22 MP: 2/2
   234 | D:2      | Reached skill level 3 in Staves
   368 | D:3      | Found a shimmering altar of Xom.
   454 | D:3      | Reached XP level 3. HP: 14/27 MP: 3/3
   884 | D:4      | Found a sacrificial altar of Ru.
   952 | D:4      | Reached skill level 4 in Staves
   952 | D:4      | Reached XP level 4. HP: 30/33 MP: 4/4
  1030 | D:4      | Found a white marble altar of Elyvilon.
  1159 | D:4      | Noticed an ice beast
  1174 | D:4      | Killed an ice beast
  1174 | D:4      | Reached skill level 5 in Staves
  1174 | D:4      | Reached XP level 5. HP: 7/38 MP: 5/5
  1658 | D:4      | Found a staircase to the Ecumenical Temple.
  1662 | Temple   | Entered the Ecumenical Temple
  2012 | D:2      | Noticed Robin
  2019 | D:2      | Killed Robin
  2019 | D:2      | Reached XP level 6. HP: 39/44 MP: 6/6
  3320 | D:5      | Entered Level 5 of the Dungeon
  3435 | D:5      | Reached skill level 6 in Staves
  3439 | D:5      | Found a glowing drain.
  3549 | D:5      | Noticed anything's ghost (amateur DgHu)
  3591 | D:5      | Slain by anything's ghost

Vault maps used:
D:1:      evilmike_arrival_rings
D:2:      first_bread, uniq_robin
D:3:      lemuel_doored_altar
D:4:      marbit_many_paths, nicolae_ru_sacrificial_ziggurat
D:5:      portal_sewer_entry_c, hangedman_abyss_or_decor_slice
Temple:   eino_wide_crystal_templ

Skill      XL: |  1  2  3  4  5  6 |
---------------+-------------------+-----
Staves         | 3 4 5 6 |  6.1
Fighting       | |  2.0
Throwing       | |  1.5
Dodging        | |  2.4

Action                   |  1- 3 |  4- 6 || total
-------------------------+-------+-------++-------
Melee: Quarterstaff      |   111 |   232 ||   343
Armor: Chain mail        |    47 |   122 ||   169
       Leather armour    |     4 |       ||     4
Dodge: Dodged            |    44 |    98 ||   142
